[Event "Romanian Rapid Open 2022"]
[Site "Sebes"]
[Date "2022.12.02"]
[Round "1.25"]
[White "Buciuman, Aurel"]
[Black "Ileana, George"]
[Result "0-1"]
[ECO "B55"]
[WhiteElo "1369"]
[BlackElo "2343"]
[Annotator "TA"]
[PlyCount "52"]
[EventDate "2022.12.02"]
[EventType "rapid"]
[EventCountry "ROU"]
[SourceTitle "playchess.com"]
[Source "ChessBase"]
[SourceQuality "1"]
[TimeControl "600+5"]

1. e4 c5 2. Nf3 d6 3. d4 cxd4 4. Nxd4 Nf6 5. f3 e5 6. Nb3 Be6 7. c4 Be7 ({Resist} 7... Nxe4 8. fxe4 Qh4+ 9. Kd2 $16) 8. Nc3 {[%emt 0:00:10] B55: Sicilian: 2...d6 3 d4 cxd4 4 Nxd4 Nf6 5 f3.} O-O 9. Be3 a5 10. a4 (10. Be2 $142) 10... Na6 11. Qd2 {[%emt 0:00:21] [#]} Nb4 $146 ({Predecessor:} 11... b6 12. Be2 Nc5 13. Nxc5 bxc5 14. O-O h6 15. Rfd1 Qb6 16. Nb5 Rfd8 17. b3 Ne8 {0-1 (127) Malecki,R (2006)-Kanarkiewicz,M (2066) Szklarska Poreba 2017}) 12. Be2 Rc8 13. Nd5 Nfxd5 (13... Bxd5 {looks sharper.} 14. exd5 Nfxd5 15. cxd5 Rc2) 14. cxd5 (14. exd5 $17 Bf5 15. Rc1) 14... Nc2+ $19 15. Kf2 {[%emt 0:00:23] [#]} Nxa1 $2 ({Black should try} 15... Nxe3 $1 $19 16. dxe6 Nc2 17. exf7+ Rxf7 18. Qxa5 Bh4+ 19. g3 Nxa1 20. Qxd8+ Bxd8 21. Nxa1 Rfc7) 16. Rxa1 $15 Bd7 {[%emt 0:00:06] White must now prevent ...f5.} 17. Nxa5 Rb8 (17... f5 $15 18. Kg1 (18. Nxb7 $2 {too greedy.} Qc7 $19) 18... fxe4 19. fxe4 Ra8) 18. b4 (18. Kg1 {simplifies} Qe8 19. b3 b5 20. axb5 Bxb5 21. Bxb5 Qxb5 22. Nc6) 18... f5 $36 {[%emt 0:00:06][%cal Bf7f5,Bf5e4,Be4f3][%mdl 2080] ...f4 is the strong threat. Black fights for an advantage.} 19. g3 {[%emt 0:00:52][%mdl 8192] [#] Prevents f4.} (19. Kg1 $15) 19... fxe4 $19 20. Nc4 exf3 {[%emt 0:00:03] Black is clearly winning.} 21. Bd3 b5 22. axb5 Bxb5 23. Na5 Bxd3 24. Qxd3 Rxb4 25. Nc6 Rb2+ 26. Kf1 Qd7 {[%emt 0:00:03] Weighted Error Value: White=1.38/Black=0.15 (very precise)} 0-1

[Event "Romanian Rapid Open 2022"]
[Site "Sebes"]
[Date "2022.12.02"]
[Round "1.26"]
[White "Cnejev, Vladimir-Alexandru"]
[Black "Tiloiu, Darius-Lucian"]
[Result "1-0"]
[ECO "C02"]
[WhiteElo "2293"]
[BlackElo "1543"]
[Annotator "TA"]
[PlyCount "93"]
[EventDate "2022.12.02"]
[EventType "rapid"]
[EventCountry "ROU"]
[SourceTitle "playchess.com"]
[Source "ChessBase"]
[SourceQuality "1"]
[TimeControl "600+5"]

1. e4 e6 2. d4 d5 3. e5 c5 4. c3 Nc6 5. Nf3 Bd7 6. a3 Qb6 7. b4 c4 8. a4 $1 Nge7 {[%emt 0:00:45] C02: French: Advance Variation.} 9. Be3 {[%emt 0:00:52] [#]} (9. g3 $14) 9... Nf5 $146 ({Predecessor:} 9... a6 10. Be2 Ng6 11. Nbd2 Be7 12. O-O O-O 13. Nxc4 dxc4 14. d5 Qc7 15. d6 Qc8 16. dxe7 Ncxe7 {½-½ (53) Vermeend,J-Spoelman,W Rijswijk 2000}) 10. Be2 (10. Bf4 $5) 10... Be7 (10... Nxe3 $15 11. fxe3 g6) 11. O-O O-O 12. Nbd2 Nxe3 13. fxe3 f6 14. exf6 Bxf6 15. e4 Qd8 (15... Be8 $11) 16. g3 (16. Qe1 $5 ) 16... Qc7 17. e5 Be7 18. Kg2 Be8 19. h4 (19. b5 Nd8 $15) 19... Qd8 (19... Bg6 $11) 20. Nh2 ({Much weaker is} 20. b5 Na5 $11) ({Better is} 20. Ng1 $1 $14) 20... Bg6 $11 21. Bg4 Bf5 (21... Qd7 $11) 22. Bxf5 $16 Rxf5 (22... exf5 $16 23. b5 Na5) 23. Rxf5 $18 exf5 24. Qf3 Qd7 25. Re1 (25. b5 $18) 25... Rf8 {[%emt 0:00:44] [#]} 26. h5 (26. e6 $1 $16 Qd6 27. b5) 26... Qe6 ({Black should play} 26... Nd8 $15) 27. Nhf1 {[%emt 0:01:05][%cal Bh2f1,Bf1e3,Be3d5][%mdl 32] Threatens to win with b5.} Nd8 $2 {[%emt 0:00:14] [#] White leaves nothing to chance now.} (27... f4 $11 {and Black is okay.}) 28. Ne3 $1 Qd7 (28... Bg5 29. Ndf1 (29. Qxd5 Qxd5+ 30. Nxd5 Bxd2 $15) 29... f4 30. gxf4 (30. Nxd5 fxg3 31. Qe4 Qf7 $16) 30... Rxf4 31. Qxd5 h6 32. Qxc4 Re4) 29. Qxd5+ Qxd5+ 30. Nxd5 Bg5 31. Nxc4 Nc6 32. b5 Ne7 33. Nxe7+ Bxe7 {[%emt 0:00:01][%mdl 4096] Endgame KRB-KRN} 34. Ne3 g6 35. hxg6 hxg6 36. Nd5 Ba3 37. e6 Kg7 38. c4 b6 39. c5 bxc5 40. e7 Re8 41. Nc7 {[%emt 0:00:01] b6 would kill now.} Kf7 42. Nxe8 Kxe8 43. dxc5 Bxc5 44. Re6 Bxe7 45. Rxg6 Kf7 46. Ra6 Bc5 47. a5 {[%emt 0:00:02] Weighted Error Value: White=0.23 (precise) /Black=0.58} 1-0

[Event "Romanian Rapid Open 2022"]
[Site "Sebes"]
[Date "2022.12.02"]
[Round "1.27"]
[White "Butuza, Stefan Aurelian"]
[Black "Nastore, Pavel-Alexandru"]
[Result "0-1"]
[ECO "B22"]
[WhiteElo "1529"]
[BlackElo "2218"]
[Annotator "TA"]
[PlyCount "105"]
[EventDate "2022.12.02"]
[EventType "rapid"]
[EventCountry "ROU"]
[SourceTitle "playchess.com"]
[Source "ChessBase"]
[SourceQuality "1"]
[TimeControl "600+5"]

1. e4 c5 2. c3 d5 3. exd5 Qxd5 4. d4 Nf6 5. Nf3 Nc6 6. Be3 cxd4 7. cxd4 e6 8. Be2 Be7 9. O-O O-O 10. Nc3 Qa5 11. Qb3 {[%emt 0:01:26] B22: Sicilian: 2 c3.} Rd8 12. Rfd1 Qb4 13. Qxb4 {[%emt 0:00:52] White has an edge.} Nxb4 14. Rac1 a6 {[%emt 0:00:11] [#]} 15. a3 $146 ({Predecessor:} 15. Bg5 Bd7 16. Ne5 Be8 17. Bf3 h6 18. Bh4 g5 19. Bg3 Nbd5 20. Nxd5 Nxd5 21. Bxd5 Rxd5 {0-1 (68) Pales,D (2014)-Baranek,J (2152) Slovakia 2014}) 15... Nbd5 16. Ne5 Nxe3 17. fxe3 Bd7 18. Bf3 Rab8 19. Nxd7 Rxd7 20. Kf2 b5 21. b4 h6 22. h3 g5 23. g4 (23. d5 {simplifies} exd5 24. Nxd5 Nxd5 25. Rxd5 Ra7 26. Rc6) 23... a5 24. bxa5 Bxa3 25. Rb1 b4 26. Na4 Ra7 27. Rd3 {[%emt 0:00:25] And now Rxa3 would win.} Kg7 (27... Rxa5 28. Rxa3 bxa3 29. Rxb8+ $11) (27... Rc8 $15) 28. Nc5 ({Not} 28. Rxa3 $2 bxa3 29. Ra1 (29. Rxb8 $2 {is the wrong capture.} a2 $19) 29... Rxa5 $19) (28. Nb6 $11 Rxa5 29. Nc4) 28... Rxa5 $15 29. Rdb3 Kg6 30. Nd3 Rab5 31. Ne5+ Kg7 32. Nd3 (32. Nc4 $5 Rc8 $8 33. Be2 $11 (33. Nxa3 Ra5 $11)) 32... R5b6 33. Nc5 Kg6 34. Nd3 Nd7 35. Be4+ f5 36. Bf3 Nf6 (36... Kg7 $11) 37. Nc5 (37. Ne5+ $14 Kg7 38. Nc4) 37... f4 $2 (37... Kf7 $11) 38. exf4 $1 $16 gxf4 {[%emt 0:00:01] [#]} (38... Kg7 $16 {is a better defense.} 39. h4 gxh4) 39. Ke2 $2 ({White has to play} 39. h4 $1 $18) 39... Kf7 $14 40. Kd3 (40. h4 $1 $14) 40... Ke7 41. Kc4 (41. h4 {seems wilder.} Rb5 42. g5 hxg5 43. hxg5 Nh7 44. g6) 41... Nd7 {[%emt 0:00:03] Black wants to play ...Rc8.} 42. Nxd7 Kxd7 43. Kd3 Kc7 44. Re1 Rd6 45. Re4 Rf8 46. Re1 Rfd8 47. Kc2 $2 (47. d5 $1 $15) 47... Rxd4 $19 48. Rxe6 $2 (48. h4 $19) 48... Rd2+ $2 (48... Rc4+ {mates} 49. Rc3 Rxc3+ 50. Kb1 b3 51. Re1 Rxf3 52. Rg1 Rfd3 53. Rc1+ Bxc1 54. Kxc1 Rd2 55. Kb1 Rc2 56. h4 Rd1#) 49. Kb1 Rf2 (49... R8d3 $19 50. Rxd3 Rxd3) 50. Re2 {[%emt 0:00:10] [#]} (50. Rc6+ $17 Kb8 51. Rc2) 50... Rd1+ ({Better is} 50... Rxe2 $1 $19 51. Bxe2 Rd2) 51. Kc2 $17 Rc1+ 52. Kd3 $2 (52. Kd2 $17 Rff1 53. Re4) 52... Rxf3+ 53. Kd4 {[%emt 0:00:20] Black used his chance.   Weighted Error Value: White=0.52/Black=0.37} 0-1

[Event "Romanian Rapid Open 2022"]
[Site "Sebes"]
[Date "2022.12.02"]
[Round "1.28"]
[White "Daianu, Cristian-Clement"]
[Black "Apostu, Rares-Stefan"]
[Result "1-0"]
[ECO "C55"]
[WhiteElo "2189"]
[BlackElo "1331"]
[Annotator "TA"]
[PlyCount "69"]
[EventDate "2022.12.02"]
[EventType "rapid"]
[EventCountry "ROU"]
[SourceTitle "playchess.com"]
[Source "ChessBase"]
[SourceQuality "1"]
[TimeControl "600+5"]

1. e4 e5 2. Nf3 Nc6 3. Bc4 Nf6 4. d3 Be7 5. c3 O-O 6. O-O d5 7. exd5 Nxd5 8. Re1 Bg4 {[%emt 0:00:25] C55: Two Knights: 4 d3, 4 d4 exd4 5 e5 and Max Lange Attack.} 9. h3 Bxf3 10. Qxf3 Nf6 {[%emt 0:00:09] White is slightly better.} 11. Nd2 {[%emt 0:00:12] White is more active.} Bc5 12. Nf1 Re8 13. Ng3 {[%emt 0:00:02] [#] Inhibits e4. And now Nf5 would win.} Qd7 $146 ({Predecessor:} 13... Rf8 14. Bg5 Be7 15. Nf5 a6 16. Nxe7+ Qxe7 17. Bxf6 Qxf6 18. Qxf6 gxf6 19. Bd5 Rad8 20. Bxc6 bxc6 {0-1 (52) Hollmann,L (1577)-Bayer,M (830) Bad Homburg 2013}) 14. Bg5 {[%emt 0:00:05] Against e4} Be7 (14... e4 $16 15. Qf4 (15. dxe4 Ne5 $16) (15. Nxe4 Nxe4 16. dxe4 Ne5 $16) 15... Nd5 16. Bxd5 Qxd5) 15. Nf5 e4 16. dxe4 Ne5 17. Qe2 {[%emt 0:00:01] aiming for Rad1.} c6 18. Rad1 Qc7 19. Bb3 Rad8 20. Rd4 c5 (20... b5 {was called for.} 21. Red1 a6) 21. Rxd8 $18 Rxd8 22. Nxe7+ (22. f4 $142 Nc6 23. Qc4) 22... Qxe7 23. f4 {[%emt 0:00:33] Inhibits h6.} ({White should try} 23. Be3 $18) 23... c4 $2 {[%emt 0:01:29][%mdl 8192] Loses the game.} (23... Nd3 $16 {is tougher.}) 24. fxe5 cxb3 25. exf6 gxf6 26. Bh6 {[%emt 0:00:02] [#] Threatening mate with Qg4+.} Kh8 27. axb3 Rg8 28. e5 Qc5+ 29. Qf2 Qxf2+ 30. Kxf2 fxe5 31. Rxe5 {[%emt 0:00:03] KRB-KR} Rd8 32. Bg5 Rd2+ 33. Ke1 {[%emt 0:00:05] [#] White threatens Bf6+ and mate.} Rxb2 34. Bf6+ Kg8 35. Re8# {[%emt 0:07:33] Weighted Error Value: White=0.30/Black=0.77} 1-0

[Event "Romanian Rapid Open 2022"]
[Site "Sebes"]
[Date "2022.12.02"]
[Round "1.30"]
[White "Teodorescu, Razvan"]
[Black "Draga, Laurentiu"]
[Result "1-0"]
[ECO "D45"]
[WhiteElo "2118"]
[BlackElo "1404"]
[Annotator "TA"]
[PlyCount "114"]
[EventDate "2022.12.02"]
[EventType "rapid"]
[EventCountry "ROU"]
[SourceTitle "playchess.com"]
[Source "ChessBase"]
[SourceQuality "1"]
[TimeControl "600+5"]

1. d4 d5 2. c4 c6 3. Nf3 Nf6 4. Nc3 e6 5. e3 b6 6. Qc2 {[%emt 0:00:14] D45: Semi-Slav: 5 e3.} Bb7 7. Bd3 {[%emt 0:00:39] [#]} g6 $146 ({Predecessor:} 7... Nbd7 8. O-O Bd6 9. e4 dxe4 10. Nxe4 Nxe4 11. Bxe4 h6 12. Be3 f5 13. Bd3 c5 14. d5 O-O 15. Rfe1 exd5 16. cxd5 {½-½ (37) Zajsek,F (2291)-Mirkowski,P (2369) ICCF email 2016}) 8. O-O {[%emt 0:00:06] White is slightly better.} Bg7 9. e4 dxc4 10. Bxc4 O-O 11. Rd1 {[%emt 0:00:18] White is more active.} Qc7 12. h3 Nbd7 13. e5 {[%emt 0:01:10] Inhibits c5.} Nd5 14. Bg5 (14. Bxd5 {simplifies} cxd5 15. Bf4 a6 16. Qd2) 14... b5 (14... Nxc3 $11 {keeps the balance.} 15. bxc3 (15. Qxc3 c5 $11) 15... h6) 15. Bxd5 cxd5 16. Rac1 (16. Qd2 $5 ) 16... Rfc8 (16... Qa5 $14) 17. Qd2 (17. Qb3 $16) 17... Qb6 $14 18. h4 h6 $2 {[%emt 0:00:16] Prevents h5. Loses the game.} ({Black should play} 18... a5 $14) 19. Bxh6 $18 a6 (19... b4 {keeps fighting.}) 20. Bxg7 Kxg7 21. h5 Rh8 22. hxg6 fxg6 23. Ne2 Raf8 (23... Qd8 $142 24. Qg5 Nf8) 24. Ng5 Rh5 25. Ng3 Rh4 26. Rc3 {[%emt 0:00:06][%cal Oc3c7] [#] Black must now prevent Rc7!} b4 27. Rf3 Rxf3 28. Nxf3 {[%emt 0:00:01] Pair of Knights!} ({Less strong is} 28. gxf3 Nf8 29. Nf1 Qd8 $18) 28... Rh8 29. Qg5 {[%emt 0:00:09] Intending Qe7+ and mate.} Qd8 {[%emt 0:00:09] Against Qe7+} 30. Qg4 Qe7 31. Ng5 Nf8 32. Rd3 Bc8 33. Rf3 Rh6 (33... Bd7 $142 34. Rf7+ Qxf7) 34. Rf7+ Qxf7 35. Nxf7 Kxf7 36. Qf4+ Kg7 37. Nf1 Nh7 38. Ne3 Rh5 39. Qf3 Bd7 40. Nc2 a5 41. Qd3 Ng5 42. f3 a4 43. Nxb4 Nf7 44. Na6 Rg5 45. Nc5 Bc8 46. Qd2 Rh5 47. Qa5 Rh8 48. Qxa4 Nh6 49. Qc6 Nf5 50. Nxe6+ Bxe6 51. Qxe6 {[%emt 0:00:01] [#] Threatens to win with g4.} Nxd4 52. Qxd5 {[%emt 0:00:21] KQ-KRN} (52. Qf6+ $142 Kg8 53. Qxg6+ Kf8 54. Qf6+ Kg8 55. Qg5+ Kf7 56. Qf4+ Ke8 57. Qxd4) 52... Ne2+ 53. Kf2 Nf4 54. Qd7+ Kh6 55. e6 {[%emt 0:00:07][%cal Be5e6,Be6e7][%mdl 32] White wants to mate with Qd4.} Rh7 56. e7 Nd3+ 57. Ke3 Nxb2 {[%emt 0:00:05] Weighted Error Value: White=0.53/Black=0.79} 1-0

[Event "Romanian Rapid Open 2022"]
[Site "Sebes"]
[Date "2022.12.02"]
[Round "1.31"]
[White "Enachi, Florin"]
[Black "Nastase, Robert-Paul"]
[Result "0-1"]
[ECO "B84"]
[WhiteElo "1351"]
[BlackElo "2229"]
[Annotator "TA"]
[PlyCount "56"]
[EventDate "2022.12.02"]
[EventType "rapid"]
[EventCountry "ROU"]
[SourceTitle "playchess.com"]
[Source "ChessBase"]
[SourceQuality "1"]
[TimeControl "600+5"]

1. e4 c5 2. Nf3 d6 3. d4 cxd4 4. Nxd4 Nf6 5. Nc3 a6 6. Be2 e6 7. Be3 Nbd7 8. a3 {[%emt 0:00:05] B84: Sicilian Scheveningen: 6 Be2 a6, lines without early Be3.} b5 9. Qd2 Bb7 {[%emt 0:00:02] [#]} 10. Bg5 $146 (10. f3 $11) ({Predecessor:} 10. f3 h5 11. O-O Rc8 12. a4 b4 13. Na2 d5 14. Nxb4 dxe4 15. Nxa6 exf3 16. Nxf3 {1-0 (34) Sjugirov,S (2663)-Gelman,A (2403) Chess.com INT 2021}) 10... Be7 11. O-O Nxe4 12. Nxe4 Bxe4 13. Bxe7 Qxe7 14. Bf3 (14. a4 $11) 14... Bxf3 $17 15. Nxf3 O-O 16. Rad1 d5 17. Rfe1 Qf6 18. Qd4 Rfc8 19. c3 Rc4 20. Qxf6 gxf6 (20... Nxf6 {simplifies} 21. Ne5 Rcc8 22. f3 Kf8) 21. Rd4 Rac8 22. Rxc4 $2 {[%emt 0:00:55] [#] White does not recover from this.} (22. Rdd1 $17) 22... bxc4 {[%emt 0:00:04][%cal Bb5c4,Bc4b3,Bb3b2][%mdl 4128] Endgame KRN-KRN} ({And not} 22... dxc4 23. g3 $17) ({Not} 22... Rxc4 23. Nd4 $17) 23. Nd4 Rb8 24. Rb1 Nc5 25. b4 $2 (25. f3 {might work better.}) 25... cxb3 $19 {[%emt 0:00:02] [#] ...b2 is the strong threat. Black is clearly winning.} 26. Nc6 {[%emt 0:00:22] Inhibits b2.} Rb6 27. Nd4 b2 28. Kf1 Ne4 {[%emt 0:09:49] Weighted Error Value: White=0.75/Black=0.08 (flawless)} 0-1

[Event "Romanian Rapid Open 2022"]
[Site "Sebes"]
[Date "2022.12.02"]
[Round "1.32"]
[White "Vrencian, Lehel"]
[Black "Tatar, Marius Lucian"]
[Result "0-1"]
[ECO "C91"]
[WhiteElo "2226"]
[BlackElo "1405"]
[Annotator "TA"]
[PlyCount "77"]
[EventDate "2022.12.02"]
[EventType "rapid"]
[EventCountry "ROU"]
[SourceTitle "playchess.com"]
[Source "ChessBase"]
[SourceQuality "1"]
[TimeControl "600+5"]

1. e4 e5 2. Nf3 Nc6 3. Bb5 a6 4. Ba4 b5 5. Bb3 Bb7 6. O-O Be7 7. d4 d6 8. c3 Nf6 9. Re1 O-O 10. Nbd2 h6 11. Nf1 Re8 12. Ng3 Bf8 13. a3 {[%emt 0:03:00] C91: Closed Ruy Lopez: 7...d6 8 c3 0-0 9 d4.} Na5 14. Bc2 Nc4 15. a4 {[%emt 0:00:30] White is slightly better.} Nb6 16. b3 Nbd7 {[%emt 0:03:27] [#]} 17. Bd3 $146 (17. h3 $14) ({Predecessor:} 17. d5 c6 18. c4 bxc4 19. bxc4 cxd5 20. cxd5 Nc5 21. Be3 Nfd7 22. Nd2 g6 23. Nb3 {½-½ (23) Liang,J (2470)-Zaw,W (2565) Yangon 1999}) 17... bxa4 18. bxa4 c5 (18... a5 $11 {remains equal.}) 19. d5 $1 $16 Qa5 20. Qc2 Nb6 (20... Qc7 $16) 21. Nd2 $18 c4 {[%emt 0:00:27] Prevents Nb3.} 22. Bxc4 ({Don't do} 22. Nxc4 Nxc4 23. Bxc4 Rec8 $16) (22. Bf1 $142) 22... Nxc4 $16 23. Nxc4 Qc5 (23... Qc7 $142) 24. Qb3 Rab8 ({Black should try} 24... Rac8) 25. Be3 $1 Qc7 {[%emt 0:00:21][%cal Ob7d5] aiming for ...Bxd5!} 26. Bb6 ({Better is} 26. Nb6 $1) 26... Qd7 (26... Bxd5 $16 27. exd5 (27. Bxc7 Rxb3 28. Nxd6 Bxd6 $14) 27... Rec8) 27. a5 $18 Rec8 {[%emt 0:00:03][%cal Of6e4] [#]} 28. Nd2 Qb5 {[%emt 0:00:22] [#]} 29. Qxb5 (29. Qc2 $1 $18 {has better winning chances.}) 29... axb5 $16 30. Ra3 Nd7 31. Be3 {[%emt 0:00:08] Strongly threatening a6.} Nc5 {[%emt 0:00:00] Against a6} (31... Ba6 $16 {might work better.}) 32. Rb1 (32. Bxc5 $18 Rxc5 33. a6) 32... Ba8 $2 (32... Ba6 $16) 33. Nb3 $2 (33. f3 $18) 33... Na4 34. Ne2 (34. a6 $16 {Black must now prevent a7.} Nxc3 35. Rba1) 34... Nxc3 $11 35. Nxc3 Rxc3 (35... b4 $11 {and Black is okay.} 36. Raa1 bxc3) 36. a6 $18 Rbc8 37. Bd2 Rd3 (37... R3c4 {is a better defense.}) 38. Kf1 Rc2 39. Ra5 {[%emt 0:00:00][%mdl 32768] Weighted Error Value: White=0.33/Black=0.58. Loss on time!?} 0-1

[Event "Romanian Rapid Open 2022"]
[Site "Sebes"]
[Date "2022.12.02"]
[Round "1.33"]
[White "Sida, Flavia-Maria"]
[Black "Creanga, Robert-Ionut"]
[Result "0-1"]
[ECO "E11"]
[WhiteElo "1410"]
[BlackElo "2190"]
[Annotator "TA"]
[PlyCount "66"]
[EventDate "2022.12.02"]
[EventType "rapid"]
[EventCountry "ROU"]
[SourceTitle "playchess.com"]
[Source "ChessBase"]
[SourceQuality "1"]
[TimeControl "600+5"]

1. d4 Nf6 2. Nf3 e6 3. c4 Bb4+ 4. Bd2 Qe7 5. Qb3 Bxd2+ 6. Nbxd2 d6 {[%emt 0:00:39] E11: Bogo-Indian.} 7. g3 O-O 8. Bg2 e5 {[%emt 0:00:25] The position is equal.} 9. dxe5 dxe5 10. O-O c6 {[%emt 0:01:46] [#]} 11. Qe3 $146 ({Predecessor:} 11. Rfd1 Nbd7 12. Nf1 a5 13. Ne3 Nc5 14. Qc3 Re8 15. b3 g6 16. Nd2 Nfd7 17. a3 {0-1 (73) Parnali,S (2219)-Lajthajm,B (2414) Backi Petrovac 2016}) 11... Nbd7 12. h3 h6 13. Rac1 Re8 14. Ne4 Nxe4 15. Qxe4 Nc5 16. Qe3 a5 17. a3 {[%emt 0:00:14] [#]} (17. Nd2 $11 {keeps the balance.}) 17... a4 $1 $17 18. Nd2 Bf5 19. g4 Bg6 20. Ne4 {[%emt 0:00:02] Inhibits f5.} Bxe4 21. Bxe4 Rad8 22. Rc3 (22. Bc2 $142) 22... Rd4 23. Bg2 Qe6 24. f4 Re7 ({Don't do} 24... Rxc4 25. Rxc4 Qxc4 26. Rc1 $16 (26. fxe5 Nd7 $17)) (24... Qd6 $19 25. Rc2 Nb3) 25. fxe5 Qxe5 26. Qxe5 Rxe5 27. e3 (27. Bf3 $17) 27... Rd2 $19 28. Rf2 Rd1+ 29. Kh2 Re1 30. Rf3 $2 {[%emt 0:00:00] [#]} (30. e4) 30... Re2 31. Kg3 $2 (31. e4) 31... Ne4+ 32. Kf4 f6 33. Bf1 g5# {[%emt 0:00:02] Weighted Error Value: White=0.60/Black=0.08 (flawless)} 0-1

[Event "Romanian Rapid Open 2022"]
[Site "Sebes"]
[Date "2022.12.02"]
[Round "1.35"]
[White "Calugareanu, Ioana-Denisa"]
[Black "Ciolacu, Alessia-Mihaela"]
[Result "0-1"]
[ECO "E14"]
[WhiteElo "1396"]
[BlackElo "2097"]
[Annotator "TA"]
[PlyCount "50"]
[EventDate "2022.12.02"]
[EventType "rapid"]
[EventCountry "ROU"]
[SourceTitle "playchess.com"]
[Source "ChessBase"]
[SourceQuality "1"]
[TimeControl "600+5"]

1. d4 Nf6 2. c4 e6 3. Nf3 d5 4. e3 Be7 5. Bd3 O-O 6. O-O b6 7. Nc3 Bb7 8. Re1 dxc4 {[%emt 0:00:53] E14: Queen's Indian: Classical Variation (4 e3).} 9. Bxc4 c5 10. dxc5 Bxc5 {[%emt 0:00:04] [#] The position is equal.} 11. Nd4 $146 (11. a3 $11 {remains equal.}) ({Predecessor:} 11. Qxd8 Rxd8 12. b3 Nbd7 13. Bb2 a6 14. Red1 b5 15. Be2 Rac8 16. Rac1 Be7 17. h3 h6 18. Ne1 Nc5 19. Rxd8+ Bxd8 20. b4 Ncd7 21. Nd3 {½-½ (21) Horvath,J (1941)-Meneghetti,J (1942) ICCF email 2020}) 11... Qe7 (11... a6 {looks sharper.} 12. Be2 Qc7 13. Bd2 Rd8) 12. Qe2 Rd8 13. Rd1 a6 14. a3 b5 (14... Qc7 {keeps more tension.} 15. Bd2 b5 16. Ba2 Nc6) 15. Ba2 Nc6 (15... Qc7 {with more complications.} 16. Bd2 Bxd4 17. exd4 Rxd4 18. Bg5 Rg4) 16. Nxc6 Bxc6 17. b4 {[%emt 0:00:04] Inhibits a5.} Rxd1+ 18. Qxd1 Rd8 19. Qe2 Bb6 $36 {[%emt 0:00:02][%mdl 2048] Black is on the roll.} 20. Bb2 Qb7 {[%emt 0:00:06] Black is more active.} 21. f3 h5 22. Kh1 h4 23. e4 {[%emt 0:00:01] Prevents h3.} ({Better is} 23. Rd1 $15) 23... Bd4 (23... Qb8 $19 {Hoping for ...Qf4.} 24. Re1 Qf4) 24. h3 $2 {[%emt 0:00:08][%mdl 8192] [#]} (24. Rd1 $11) 24... Nh5 $19 25. Rd1 Ng3+ {[%emt 0:00:02] Weighted Error Value: White=0.86/Black=0.18 (very precise)} 0-1

[Event "Romanian Rapid Open 2022"]
[Site "Sebes"]
[Date "2022.12.02"]
[Round "1.36"]
[White "Zubcu, Vlad-George"]
[Black "Schmit, Andrei-Marian"]
[Result "1-0"]
[ECO "C14"]
[WhiteElo "2135"]
[BlackElo "1323"]
[Annotator "TA"]
[PlyCount "67"]
[EventDate "2022.12.02"]
[EventType "rapid"]
[EventCountry "ROU"]
[SourceTitle "playchess.com"]
[Source "ChessBase"]
[SourceQuality "1"]
[TimeControl "600+5"]

1. d4 d5 2. Nc3 Nf6 3. Bg5 e6 4. e4 Be7 5. e5 Nfd7 6. Bxe7 Qxe7 7. f4 c5 (7... a6 $11) 8. Nf3 {[%emt 0:00:01] C14: French: Classical System: 4 Bg5 Be7 main line.} (8. Nb5 $1 $16 {[%cal Rb5c7] aiming for Nc7+.} Kd8 9. c4) 8... Nc6 9. dxc5 Nxc5 10. Be2 {[%emt 0:00:20] The position is equal.} O-O 11. O-O {[%emt 0:00:02] [#]} h6 $146 ({Predecessor:} 11... f6 12. exf6 Qxf6 13. g3 Bd7 14. Nxd5 Qxb2 15. Ne3 Rad8 16. Bc4 Be8 17. Qe2 Kh8 {0-1 (35) Pesztericz,L (2065)-Kantorik,M (2265) Banska Stiavnica 2015}) 12. a3 a6 13. b4 Nd7 14. Bd3 b5 (14... a5 $11) 15. Ne2 Nb6 16. c3 Nc4 17. Qc1 {[%emt 0:00:12] Against Ne3} Qa7+ 18. Kh1 Bb7 19. Ned4 Ne7 (19... Nxd4 $14 20. Nxd4 Qb6) 20. Qe1 Qb8 21. a4 (21. g4 $16) 21... bxa4 {[%emt 0:01:06] [#]} 22. Qe2 (22. Rxa4 Nb2 $15) (22. g4 $1 $16) 22... Nb6 (22... Qe8 $11 {keeps the balance.}) 23. Bc2 {[%emt 0:00:30] White is much more active. The black rooks are badly placed.} Nc4 ({Better is} 23... Qc7 $14) 24. Rxa4 ({Resist} 24. Bxa4 $6 Qc7 $14) 24... Nb6 (24... Qc7 $16) 25. Raa1 $18 Qc8 $2 (25... Qc7 26. Rfc1 (26. Qd3 g6 $14) 26... Nc4) 26. Rac1 $40 {[%emt 0:00:08][%mdl 128] Black is in trouble.} (26. Qd3 $142 g6 27. f5 exf5 28. Nh4) 26... Nc4 {[%emt 0:00:10] [#]} 27. h4 (27. Qd3 $6 g6 $14) (27. g4 $1 $18) 27... Rd8 {[%emt 0:00:40] Inhibits f5.} (27... a5 $16) 28. h5 {[%emt 0:00:13] Strongly threatening Qd3.} ({Don't play} 28. Qd3 $6 Ng6 29. h5 Nb2) 28... Nc6 $2 (28... Na3 29. g4 Nxc2) 29. Qd3 {[%emt 0:00:08] Threatens to win with Qh7+.} Kf8 30. Qh7 Ne7 31. f5 Ne3 32. fxe6 {[%emt 0:00:23] White mates.} Nxf1 33. Rxf1 fxe6 34. Qh8+ {[%emt 0:00:06] Weighted Error Value: White=0.35/Black=0.74} 1-0